 Dungeon Crawl Stone Soup version 0.24-a0-459-g225fefd530 (webtiles) character file.

Game seed: 16201698711906927687

16019 vurker the Geomancer (level 12, -4/76 HPs)
             Began as a Gargoyle Earth Elementalist on June 28, 2019.
             Was an Elder of Vehumet.
             Slain by a crocodile (5 damage)
             ... on level 2 of the Lair of Beasts.
             The game lasted 00:39:17 (20721 turns).

vurker the Geomancer (Gargoyle Earth Elementalist) Turns: 20721, Time: 00:39:17

Health: -4/76      AC: 27    Str: 19    XL:     12   Next: 33%
Magic:  2/34       EV: 10    Int: 24    God:    Vehumet [****..]
Gold:   863        SH:  0    Dex: 13    Spells: 19/30 levels left

rFire    . . .     SeeInvis .   a - +2 whip of Youthful Indiscretion {freeze, *Slow rElec rC++ Str+4}
rCold    + + +     Gourm    .   (no shield)
rNeg     + + +     Faith    .   E - +1 pearl dragon scales of the Duke {rN+ MR++ Dex+3}
rPois    ∞         Spirit   .   A - +2 helmet {Int+3}
rElec    +         Reflect  .   z - +2 cloak
rCorr    +         Harm     .   (no gloves)
MR       ++...                  (no boots)
Stlth    ..........             (no amulet)
HPRegen  0.22/turn              x - ring of magical power
MPRegen  0.24/turn              f - ring of Greed {rC+ rN+ rCorr Str-2}

@: mighty
A: negative energy resistance 1, electricity resistance, unbreathing,
petrification resistance, rot immunity, AC +8
a: Renounce Religion


You were on level 2 of the Lair of Beasts.
You worshipped Vehumet.
Vehumet was greatly pleased with you.
You were not hungry.

You visited 3 branches of the dungeon, and saw 14 of its levels.

You collected 863 gold pieces.

Inventory:

Hand Weapons
 a - the +2 whip of Youthful Indiscretion (weapon) {freeze, *Slow rElec rC++ Str+4}
   (You found it on level 2 of the Lair of Beasts)

   It has been specially enchanted to freeze those struck by it, causing extra
   injury to most foes and up to half again as much damage against particularly
   susceptible opponents.
   It can also slow down cold-blooded creatures.
   It affects your strength (+4).
   It greatly protects you from cold.
   It insulates you from electricity.
   It may slow you when you take damage.
Missiles
 w - a throwing net {!f}
 y - 125 stones (quivered)
Armour
 r - a +2 robe of fire resistance
   (You took it off an orc wizard on level 3 of the Dungeon)
 u - a +1 shield
   (You found it on level 2 of the Dungeon)
 z - a +2 cloak (worn)
   (You found it on level 9 of the Dungeon)
 A - a +2 helmet of intelligence (worn)
   (You found it on level 9 of the Dungeon)
 E - the +1 pearl dragon scales of the Duke (worn) {rN+ MR++ Dex+3}
   (You acquired it on level 1 of the Lair of Beasts)

   It affects your dexterity (+3).
   It protects you from negative energy.
   It affects your resistance to hostile enchantments.
 J - a +1 hat
   (You found it on level 2 of the Lair of Beasts)
Magical Staves
 b - an uncursed staff of earth
   (You found it on level 2 of the Lair of Beasts)
Jewellery
 f - the ring of Greed (right hand) {rC+ rN+ rCorr Str-2}
   (You found it on level 7 of the Dungeon)

   [ring of resist corrosion]

   It affects your strength (-2).
   It protects you from cold.
   It protects you from negative energy.
   It provides partial protection from all sources of acid and corrosion.
 o - an uncursed ring of protection from cold
   (You found it on level 7 of the Dungeon)
 x - a ring of magical power (left hand)
   (You found it on level 8 of the Dungeon)
 I - a cursed amulet of inaccuracy {unknown}
   (You found it on level 2 of the Lair of Beasts)
Wands
 c - a wand of disintegration (6)
   (You found it on level 11 of the Dungeon)
 d - a wand of iceblast (9)
   (You found it on level 11 of the Dungeon)
 p - a wand of polymorph (29)
   (You found it on level 5 of the Dungeon)
 v - a wand of digging (5)
   (You found it on level 6 of the Dungeon)
Scrolls
 g - 2 scrolls of magic mapping
 h - 4 scrolls of remove curse {@r2}
 k - a scroll of identify {@r1}
 m - 3 scrolls of blinking
 n - 2 scrolls of teleportation {@r4}
 q - 4 scrolls of enchant armour
 B - 2 scrolls of enchant weapon
 C - a scroll of silence
 D - a scroll of immolation {!r}
Potions
 i - 5 potions of curing {@q1}
 j - a potion of mutation {!q}
 l - a potion of brilliance
 s - 2 potions of resistance
 t - a potion of haste {@q3}
 G - a potion of magic {unknown}
Comestibles
 e - 8 rations {!d}
 H - 4 chunks of flesh


   Skills:
 + Level 9.3 Fighting
 + Level 2.6 Armour
 - Level 1.5 Dodging
 - Level 2.1 Stealth
 * Level 9.5 Spellcasting
 + Level 9.0 Conjurations
 - Level 0.7 Transmutations
 * Level 14.2 Earth Magic


You had 19 spell levels left.
You knew the following spells:

 Your Spells              Type           Power        Failure   Level  Hunger
a - Sandblast             Erth           ######       1%          1    None
b - Stone Arrow           Conj/Erth      ######       1%          3    None
q - Passwall              Tmut/Erth      #####...     1%          2    None
z - Lee's Rapid Deconstr  Erth           ######....   1%          5    ####...

Your spell library contained the following spells:

 Spells                   Type           Power        Failure   Level  Hunger
 Inner Flame              Hex/Fire       ##......     17%         3    None
 Petrify                  Tmut/Erth      #####...     10%         4    ##.....
 Summon Small Mammal      Summ           ##..         22%         1    None
 Call Imp                 Summ           ##......     32%         2    None
 Call Canine Familiar     Summ           ##......     54%         3    None
 Summon Guardian Golem    Hex/Summ       ##......     54%         3    None
 Summon Ice Beast         Ice/Summ       ##......     91%         4    ##.....
 Summon Lightning Spire   Summ/Air       ##......     91%         4    ##.....
 Malign Gateway           Summ/Tloc      ##........   100%        7    #######
 Monstrous Menagerie      Summ           ##........   100%        7    #######
 Summon Greater Demon     Summ           ##........   100%        7    #######
 Summon Horrible Things   Summ           ##........   100%        8    #######


Dungeon Overview and Level Annotations

Branches:
Dungeon (11/15)            Temple (1/1) D:6            Lair (2/6) D:9
    Orc (0/2) D:10
  Swamp: Lair:2-4    Shoals: Lair:2-4     Snake: Lair:2-4    Spider: Lair:2-4

Altars:
Ashenzari
Cheibriados
Dithmenos
Elyvilon
Fedhas
Gozag
Hepliaklqana
Kikubaaqudgha
Makhleb
Nemelex Xobeh
Okawaru
Qazlal
Ru
Sif Muna
Trog
Uskayaw
Vehumet
Wu Jian
Xom
Yredelemnul
Zin
The Shining One


Innate Abilities, Weirdness & Mutations

You are resistant to torment.
Your stone body is resilient. (AC +8)
You are immune to poison.
You resist negative energy. (rN+)
You are resistant to electric shocks. (rElec)
You can survive without breathing.
You are immune to petrification.
You are immune to rotting.


Message History

The swamp worm barely misses you.
Aim: a swamp worm (severely wounded)
You feel a surge of power!
The stone arrow hits the swamp worm!
You kill the swamp worm!
Vehumet accepts your kill.
You feel your power returning.
You can't see any susceptible monsters within range! (Use Z to cast anyway.) Unknown command.
Found 19 gold pieces.
You see here a swamp worm corpse.
You butcher the swamp worm corpse.
You see here 4 chunks of flesh.
H - 6 chunks of flesh (gained 4)
You see here a runed hat.
J - a runed hat The tyrant leech barely misses you.
Aim: a tyrant leech You feel a surge of power!
The stone arrow hits the tyrant leech.
Aim: a tyrant leech (lightly wounded)
You feel a surge of power!
The stone arrow misses the tyrant leech.
The tyrant leech bites you but does no damage.
Aim: a tyrant leech (lightly wounded)
You feel a surge of power!
The stone arrow hits the tyrant leech!
The tyrant leech bites you.
You don't have enough magic to cast that spell.
Okay, then.
The +2 whip of Youthful Indiscretion {freeze, *Slow rElec rC++ Str+4} glows with a cold blue light!
a - the +2 whip of Youthful Indiscretion (weapon)
{freeze, *Slow rElec rC++ Str+4} The tyrant leech bites you.
You hit the tyrant leech but do no damage.
The tyrant leech bites you but does no damage.
The tyrant leech closely misses you.
Some of the chunks of flesh in your inventory have rotted away.
You hit the crocodile. You freeze the crocodile.
The crocodile bites you but does no damage.
You hit the crocodile.
The crocodile seems to slow down.
You freeze the crocodile. The tyrant leech bites you!!
* * * LOW HITPOINT WARNING * * *
The crocodile bites you but does no damage.
You feel very mighty all of a sudden. The tyrant leech bites you!
* * * LOW HITPOINT WARNING * * *
The crocodile closely misses you.
You barely miss the tyrant leech.
The crocodile is no longer moving slowly.
The tyrant leech bites you!
* * * LOW HITPOINT WARNING * * *
The crocodile bites you.
You die...

..##..P .. .... #.. ##.. ##..P
..$ ...##. .... ..... .....
##...# .... .....# ###
#...##P.... ......##.#######†P#
....# ..........#.#@t..####..#
...........###w..##...## #
#......................### #
P....$................P#.## #
............#P............# #
....#......P##...........#####
...........######.##..........
....#......#####..##...##.....
.......#..................÷......


You could see a tyrant leech and a crocodile.

Vanquished Creatures
  Fannar (Lair:1)
  A hydra (Lair:1)
  Pikel (D:8)
  2 ugly things (D:11)
  A cyclops (D:11)
  A torpor snail (Lair:2)
  A spiny frog (Lair:2)
  4 trolls
  3 tyrant leeches
  A hippogriff (Lair:1)
  2 wyverns (D:9)
  9 yaks
  A basilisk (Lair:2)
  Eustachio (D:5)
  A hungry ghost (D:10)
  Menkaure (D:6)
  6 swamp worms
  4 water moccasins
  3 porcupines
  7 orc warriors
  2 phantoms
  2 ice beasts
  3 slaves
  3 sky beasts
  A wolf (D:9)
  9 ogres
  4 centaurs
  3 crocodiles (Lair:1)
  4 big kobolds
  10 bullfrogs
  A gnoll sergeant (D:10)
  A wyvern skeleton (D:10)
  3 scorpions
  21 killer bees
  2 howler monkeys
  3 wights (D:7)
  2 electric eels (D:9)
  3 crimson imps
  A quasit (D:9)
  2 bullfrog zombies
  A centaur zombie (D:5)
  4 orc priests
  2 bullfrog skeletons (D:4)
  10 orc wizards
  2 centaur skeletons
  13 hounds
  6 jellies
  5 iguanas
  2 hell rats (Lair:1)
  10 worker ants
  Natasha (thrice) (D:3)
  2 hound skeletons
  2 worker ant zombies
  7 gnolls
  10 adders
  9 river rats
  A shadow imp (D:8)
  An ooze (D:3)
  An adder zombie (D:6)
  An adder skeleton (D:8)
  A worm (D:3)
  3 dart slugs (D:1)
  6 leopard geckos
  59 orcs
  5 giant cockroaches
  5 hobgoblins
  8 jackals
  25 kobolds
  5 quokkas
  A ball python (D:1)
  5 bats
  A frilled lizard (D:1)
  15 goblins
  2 jackal zombies
  A quokka skeleton (D:5)
  A quokka zombie (D:9)
  12 rats
378 creatures vanquished.

Vanquished Creatures (others)
  An orc (D:3)
  A fungus (Lair:2)
  5 plants (Lair:2)
7 creatures vanquished.

Grand Total: 385 creatures vanquished

Notes
Turn   | Place    | Note
-------+----------+-------------------------------------------
     0 | D:1      | vurker the Gargoyle Earth Elementalist began the quest for
                  | the Orb.
     0 | D:1      | Reached XP level 1. HP: 10/10 MP: 3/3
   298 | D:1      | Reached skill level 4 in Earth Magic
   298 | D:1      | Reached XP level 2. HP: 16/16 MP: 3/5
   400 | D:1      | Learned a level 2 spell: Passwall
   457 | D:1      | Reached skill level 1 in Fighting
   677 | D:1      | Reached XP level 3. HP: 17/20 MP: 4/6
  1635 | D:2      | Learned a level 3 spell: Stone Arrow
  1865 | D:2      | Reached XP level 4. HP: 21/26 MP: 3/7
  2033 | D:2      | Noticed an ogre
  2045 | D:2      | Killed an ogre
  2045 | D:2      | Reached skill level 1 in Conjurations
  2045 | D:2      | Reached skill level 5 in Earth Magic
  2045 | D:2      | Reached XP level 5. HP: 30/30 MP: 0/9
  2941 | D:3      | Noticed Natasha
  2944 | D:3      | Killed Natasha
  3034 | D:3      | Found a white marble altar of Elyvilon.
  3192 | D:3      | Reached XP level 6. HP: 36/36 MP: 7/10
  3266 | D:3      | Noticed Natasha
  3288 | D:3      | Killed Natasha
  3288 | D:3      | Reached skill level 6 in Earth Magic
  3404 | D:3      | Noticed Natasha
  3414 | D:3      | Killed Natasha
  4053 | D:4      | Reached XP level 7. HP: 34/41 MP: 9/12
  4122 | D:4      | Learned a level 5 spell: Lee's Rapid Deconstruction
  4312 | D:4      | Found a bloodstained altar of Trog.
  4736 | D:5      | Entered Level 5 of the Dungeon
  4739 | D:5      | Reached skill level 7 in Earth Magic
  5190 | D:5      | Found a shadowy altar of Dithmenos.
  5604 | D:5      | Found a stormy altar of Qazlal.
  5684 | D:5      | Reached XP level 8. HP: 47/48 MP: 6/14
  5684 | D:5      | Noticed Eustachio
  5872 | D:5      | You fall into a shaft and drop 1 floor!
  6071 | D:5      | Reached skill level 8 in Earth Magic
  6487 | D:5      | Found a shadowy altar of Dithmenos.
  6584 | D:5      | Found a stormy altar of Qazlal.
  6592 | D:5      | Killed Eustachio
  7116 | D:6      | Noticed Menkaure
  7120 | D:6      | Killed Menkaure
  7383 | D:6      | Reached skill level 5 in Fighting
  7383 | D:6      | Reached skill level 9 in Earth Magic
  7823 | D:6      | Reached XP level 9. HP: 54/54 MP: 11/16
  7839 | D:6      | Reached skill level 5 in Spellcasting
  7839 | D:6      | Reached skill level 5 in Conjurations
  8224 | D:6      | Found a staircase to the Ecumenical Temple.
  8231 | Temple   | Entered the Ecumenical Temple
  8250 | Temple   | Became a worshipper of Vehumet
  9548 | D:7      | Reached skill level 10 in Earth Magic
  9678 | D:7      | Got a steaming lapis lazuli ring
  9688 | D:7      | Identified the ring of Greed {rC+ rN+ rCorr Str-2} (You
                  | found it on level 7 of the Dungeon)
  9729 | D:7      | Reached * piety under Vehumet
  9729 | D:7      | Offered knowledge of Flame Tongue by Vehumet.
 11103 | D:7      | Reached skill level 11 in Earth Magic
 11103 | D:7      | Reached XP level 10. HP: 41/61 MP: 5/18
 12350 | D:8      | Noticed Pikel
 12780 | D:8      | Killed Pikel
 13230 | D:9      | Reached ** piety under Vehumet
 13230 | D:9      | Offered knowledge of Freeze by Vehumet.
 13232 | D:9      | Found a staircase to the Lair.
 13545 | D:9      | Reached skill level 12 in Earth Magic
 14630 | D:10     | Entered Level 10 of the Dungeon
 14631 | D:10     | You fall into a shaft and drop 1 floor!
 14644 | D:11     | Noticed a purple ugly thing
 14650 | D:11     | Noticed a cyclops
 14652 | D:11     | Killed a purple ugly thing
 14652 | D:11     | Reached XP level 11. HP: 68/68 MP: 18/22
 14669 | D:11     | Killed a cyclops
 15326 | D:10     | Offered knowledge of Ignite Poison by Vehumet.
 15545 | D:10     | Reached *** piety under Vehumet
 15561 | D:9      | Reached skill level 13 in Earth Magic
 15728 | D:10     | Found a staircase to the Orcish Mines.
 15962 | D:10     | Offered knowledge of Airstrike by Vehumet.
 17194 | D:11     | Noticed a brown ugly thing
 17202 | D:11     | Killed a brown ugly thing
 17291 | D:11     | Reached **** piety under Vehumet
 17615 | Lair:1   | Entered Level 1 of the Lair of Beasts
 17774 | Lair:1   | Identified a scroll of acquirement
 17779 | Lair:1   | Got ichor-stained pearl dragon scales
 17780 | Lair:1   | Identified the +1 pearl dragon scales of the Duke {rN+ MR++
                  | Dex+3} (You acquired it on level 1 of the Lair of Beasts)
 17805 | Lair:1   | Offered knowledge of Inner Flame by Vehumet.
 18279 | Lair:1   | Noticed a six-headed hydra
 18284 | Lair:1   | Killed a six-headed hydra
 18284 | Lair:1   | Reached skill level 1 in Armour
 18284 | Lair:1   | Reached XP level 12. HP: 76/76 MP: 20/25
 18542 | Lair:2   | Noticed Fannar
 18564 | Lair:1   | Killed Fannar
 18728 | Lair:2   | Got a steaming whip
 18729 | Lair:2   | Identified the cursed +2 whip of Youthful Indiscretion
                  | {freeze, *Slow rElec rC++ Str+4} (You found it on level 2
                  | of the Lair of Beasts)
 19706 | Lair:1   | Reached skill level 14 in Earth Magic
 20721 | Lair:2   | HP: 1/76 [tyrant leech (12)]
 20721 | Lair:2   | Slain by a crocodile

Levels and vault maps discovered:
D:1:      shiori_shiawase, layout_basic
D:2:      layout_basic
D:3:      layout_basic, first_ration, elyvilon_altar_4, uniq_natasha
D:4:      layout_basic, bloody_trog
D:5:      layout_loops_ring, kennysheep_little_box,
          nicolae_dithmenos_through_a_glass_darkly, uniq_eustachio
D:6:      layout_cave_pods, minmay_temple_entry_arrows, gup_sewer_entry_bubbles,
          uniq_menkaure
D:7:      layout_gridville
D:8:      layout_layer_cave, nicolae_wwwww, uniq_pikel
D:9:      layout_loops_corners, erik_lair_island
D:10:     layout_cave_pools, erik_orc_4
D:11:     minmay_weird_star, layout_irregular_city
Temple:   nicolae_temple_the_god_donut
Lair:1:   layout_regular_city, kennysheep_rathole
Lair:2:   minmay_guarded_unrand_snakebite, layout_misc_corridors,
          lightli_volcano_entry_magma_tube, worms_lemuel, uniq_fannar

Skill      XL: |  1  2  3  4  5  6  7  8  9 10 11 12 |
---------------+-------------------------------------+-----
Earth Magic    | 4 5 6 7 9 11 12 13 14 | 14.2
Fighting       | 1 2 3 4 5 6 7 9 |  9.3
Conjurations   | 1 2 3 4 6 7 8 9 |  9.0
Spellcasting   | 3 4 5 7 9 |  9.5
Armour         | 1 2 |  2.6
Dodging        | |  1.5
Stealth        | |  2.1
Transmutations | |  0.7

Action                   |  1- 3 |  4- 6 |  7- 9 | 10-12 || total
-------------------------+-------+-------+-------+-------++-------
Melee: Dagger            |   130 |   149 |   117 |       ||   396
       Spear             |       |       |    30 |   130 ||   160
       Whip              |       |       |       |     4 ||     4
 Cast: Sandblast         |    23 |    48 |   129 |    73 ||   273
       Stone Arrow       |       |     3 |    59 |   324 ||   386
       Lee's Rapid Decon |       |       |       |     3 ||     3
  Use: Scroll            |       |       |    19 |    12 ||    31
       Potion            |       |       |     3 |     2 ||     5
 Stab: Sleeping          |     3 |     3 |     3 |     1 ||    10
  Eat: Chunk             |     3 |     8 |    18 |     9 ||    38
       Ration            |       |       |     2 |     7 ||     9
Armor: Robe              |    39 |    68 |   114 |   147 ||   368
       Pearl dragon scal |       |       |       |    92 ||    92
Dodge: Dodged            |    72 |   102 |   211 |   228 ||   613

Table legend:
 A = Non-vault XP
 B = Vault XP
 C = Vault XP percentage of total XP
 D = Non-vault monster count
 E = Vault monster count
 F = Vault count percentage of total count
                 A         B        C        D         E       F
            +---------+---------+-------+---------+---------+-------
      Total |   17268 |    5617 |  24.5 |     316 |      59 |  15.7
            +---------+---------+-------+---------+---------+-------
        D:1 |      64 |       0 |   0.0 |      34 |       0 |   0.0
        D:2 |     159 |       0 |   0.0 |      17 |       0 |   0.0
        D:3 |     162 |      35 |  17.8 |      18 |       1 |   5.3
        D:4 |     334 |       0 |   0.0 |      17 |       0 |   0.0
        D:5 |     709 |     203 |  22.3 |      25 |       1 |   3.8
        D:6 |    1021 |     210 |  17.1 |      27 |       8 |  22.9
        D:7 |    1442 |       0 |   0.0 |      34 |       0 |   0.0
        D:8 |    1326 |     659 |  33.2 |      25 |       2 |   7.4
        D:9 |    2888 |     684 |  19.1 |      34 |       9 |  20.9
       D:10 |    2116 |     437 |  17.1 |      33 |      15 |  31.2
       D:11 |    3799 |       0 |   0.0 |      37 |       0 |   0.0
     Lair:1 |    2105 |    1587 |  43.0 |       9 |      15 |  62.5
     Lair:2 |    1143 |    1802 |  61.2 |       6 |       8 |  57.1
            +---------+---------+-------+---------+---------+-------
